 Dungeon Crawl Stone Soup version 0.21-a0-193-g085b6a0 (webtiles) character file.

316 Lavandula the Slasher (level 6, -2/38 HPs)
             Began as a Formicid Artificer on Aug 14, 2017.
             Slain by an ogre
             ... wielding a +0 giant club
              (21 damage)
             ... on level 4 of the Dungeon.
             The game lasted 00:09:34 (1711 turns).

Lavandula the Slasher (Formicid Artificer)          Turns: 1711, Time: 00:09:35

Health: -2/38      AC:  6    Str: 18    XL:     6   Next: 73%
Magic:  8/8        EV: 10    Int: 11    God:
Gold:   113        SH:  0    Dex: 13    Spells: 5/5 levels left

rFire    . . .     SeeInvis +   o - +0 scimitar
rCold    . . .     Gourm    .   (no shield)
rNeg     . . .     Faith    .   u - +0 scale mail
rPois    .         Spirit   .   (helmet unavailable)
rElec    .         Reflect  .   (no cloak)
rCorr    .         Harm     +   (no gloves)
MR       .....                  (no boots)
Stlth    ..........             n - amulet of harm
HPRegen  0.12/turn              (no ring)
MPRegen  0.11/turn              (no ring)

@: no status effects
A: permanent stasis, dig shafts and tunnels, four strong arms, antennae 3, frail
1, screaming 1, strong 1
a: Dig, Shaft Self


You were on level 4 of the Dungeon.
You were hungry.

You visited 1 branch of the dungeon, and saw 4 of its levels.

You collected 113 gold pieces.

Inventory:

Hand Weapons
 a - a +0 short sword
 k - a +0 dagger
 o - a +0 scimitar (weapon)
 t - a +0 blowgun
Missiles
 h - 24 poisoned needles
 l - 5 tomahawks (quivered)
Armour
 b - a +0 leather armour
 q - a +0 ring mail
 u - a +0 scale mail (worn)
Jewellery
 n - an amulet of harm (around neck)
Wands
 c - a wand of flame (9/48)
 d - a wand of enslavement (12/24)
 e - a wand of random effects (15/48)
Scrolls
 j - 2 scrolls of remove curse
 p - a scroll of recharging {unknown}
 r - a scroll of identify {unknown}
 v - a scroll of blinking {unknown}
 w - a scroll of fear {unknown}
 y - 3 scrolls of teleportation {unknown}
Potions
 g - a potion of mutation
 m - 3 potions of curing
 s - a potion of berserk rage {unknown}
 A - a potion of heal wounds {unknown}
 B - a potion of brilliance {unknown}
Comestibles
 f - 3 bread rations
 i - 2 fruits
 z - a meat ration


   Skills:
 - Level 1.1 Fighting
 - Level 2.0(4.1) Short Blades
 + Level 5.7(5.9) Long Blades
 - Level 1.8 Dodging
 - Level 1.4 Stealth
 - Level 3.4 Evocations


You had 5 spell levels left.
You didn't know any spells.

Dungeon Overview and Level Annotations

Branches:
Dungeon (4/15)
 Temple: D:4-7

Altars:


Innate Abilities, Weirdness & Mutations

You cannot be hasted, slowed, berserked, paralysed or teleported.
You can dig through walls and to a lower floor.
Your four strong arms can wield two-handed weapons with a shield.
You have a pair of large antennae on your head. (SInv)
You are frail. (-10% HP)
You occasionally shout uncontrollably at your foes.
Your muscles are strong. (Str +2)


Message History

Orders for allies: a - Attack new target. r - Retreat! s - Stop attacking. g - Guard the area. f - Follow me.
Anything else - Cancel.
Retreat in which direction?
Press: ? - help, Dir - move target cursor Fall back!
There is a stone staircase leading down here.
Unknown command.
The ogre is no longer charmed.
You slash the ogre!
The ogre is severely wounded.
The ogre hits you with a giant club!
You hit the ogre.
The ogre is almost dead.
The ogre hits you with a giant club!
There is a stone staircase leading up here.
The ogre hits you with a giant club!!
Ouch! That really hurt!
You die...

...........#..###................
.............## #................
#............## ##...............
#..........#..## ##.....(.......#
##........###..## ##..........###
#.......## ##[.## ###....##### #
##.....## ###..## ###### ##
#....### ##.<)..## #. #.#.##
##....@..## ##. #.###
##......O..## ##.. ##...........#
#..# ##............## ##.##
##..............## ##..#
##................## ##..##
#..................###..##
#...............##..##..#
##)............####)...##


You could see an ogre.

Vanquished Creatures
  An ogre (D:4)
  A scorpion (D:4)
  A hound (D:4)
  2 orc wizards (D:4)
  A hound skeleton (D:4)
  4 gnolls (D:4)
  A dart slug (D:3)
  2 leopard geckos (D:1)
  14 orcs
  5 goblins
  7 hobgoblins
  3 kobolds (D:3)
  A bat (D:3)
  A rat (D:1)
44 creatures vanquished.

Vanquished Creatures (others)
  A gnoll shaman (D:4)
1 creature vanquished.

Grand Total: 45 creatures vanquished

Notes
Turn   | Place    | Note
-------+----------+-------------------------------------------
     0 | D:1      | Lavandula the Formicid Artificer began the quest for the Orb.
     0 | D:1      | Reached XP level 1. HP: 15/15 MP: 3/3
    87 | D:1      | Reached XP level 2. HP: 15/21 MP: 4/4
   270 | D:1      | You fall through a shaft!
   388 | D:4      | Reached skill level 2 in Long Blades
   388 | D:4      | Reached XP level 3. HP: 26/26 MP: 5/5
   390 | D:4      | Noticed a scorpion
   393 | D:4      | Killed a scorpion
   393 | D:4      | Reached skill level 3 in Long Blades
   393 | D:4      | Reached XP level 4. HP: 32/32 MP: 6/6
   429 | D:4      | Reached XP level 5. HP: 22/37 MP: 7/7
   489 | D:4      | Reached skill level 4 in Long Blades
   843 | D:4      | Gained mutation: You are frail. (-10% HP) [potion of mutation]
   843 | D:4      | Gained mutation: You occasionally shout uncontrollably at your foes. [potion of mutation]
   843 | D:4      | Gained mutation: Your muscles are strong. (Str +2) [potion of mutation]
   861 | D:4      | Reached XP level 6. HP: 16/38 MP: 8/8
  1021 | D:4      | Noticed an ogre
  1023 | D:4      | Noticed an ogre
  1057 | D:4      | Reached skill level 5 in Long Blades
  1060 | D:4      | Killed an ogre
  1564 | D:4      | Noticed an ogre
  1711 | D:4      | Slain by an ogre

Vault maps used:
D:1:      roderic_lyre
D:2:      amethyst_overflow_temple_binary, first_bread,
          chequers_ecumenical_altar_simple_redux
D:3:      corexii_shack_village

Skill      XL: |  1  2  3  4  5  6 |
---------------+-------------------+-----
Short Blades   | 2 |  2.0
Long Blades    | 2 3 4 5 |  5.7
Fighting       | |  1.1
Dodging        | |  1.8
Stealth        | |  1.4
Evocations     | |  3.4

Action                   |  1- 3 |  4- 6 || total
-------------------------+-------+-------++-------
Melee: Short sword       |    31 |       ||    31
       Scimitar          |       |    99 ||    99
Throw: Tomahawk          |       |     2 ||     2
 Abil: Dig               |     6 |     6 ||    12
       Shaft Self        |     1 |       ||     1
Evoke: Wand              |     5 |     4 ||     9
  Use: Potion            |       |     2 ||     2
       Scroll            |       |     1 ||     1
 Stab: Sleeping          |     3 |       ||     3
  Eat: Chunk             |       |     3 ||     3
Armor: Leather armour    |     2 |     3 ||     5
       Ring mail         |       |     4 ||     4
       Scale mail        |       |     2 ||     2
Dodge: Dodged            |    19 |    50 ||    69
       Rpst.: Scimitar   |       |    12 ||    12
